 Dungeon Crawl Stone Soup version 0.29.1-13-g9f3cf754e1 (webtiles) character file.

Game seed: 5602413149608072338

174 pilgrim the Gusty (level 5, -2/30 HPs)
             Began as a Tengu Air Elementalist on Feb 11, 2023.
             Slain by an orc
             ... wielding a +0 war axe
              (9 damage)
             ... on level 4 of the Dungeon.
             The game lasted 00:04:42 (3686 turns).

pilgrim the Gusty (Tengu Air Elementalist)          Turns: 3686, Time: 00:04:42

Health: -2/30      AC:  3    Str:  8    XL:     5   Next: 54%
Magic:  10/10      EV: 16    Int: 15    God:
Gold:   155        SH:  0    Dex: 17    Spells: 9/10 levels left

rFire   . . .      SeeInvis .   d - +1 dagger (venom)
rCold   . . .      Faith    .   (no shield)
rNeg    . . .      Spirit   .   a - +1 robe
rPois   .          Reflect  .   (helmet restricted)
rElec   .          Harm     .   (no cloak)
rCorr   .          Rampage  .   (no gloves)
Will    .....                   (boots unavailable)
Stlth   ++........              (no amulet)
HPRegen 0.10/turn               (no ring)
MPRegen 0.12/turn               (no ring)

@: about to teleport, flying quickly and evasively, quick
A: beak, talons 3, nimble flight
a: no special abilities


You were on level 4 of the Dungeon.
You visited 1 branch of the dungeon, and saw 4 of its levels.

You collected 155 gold pieces.

Inventory:

Hand Weapons
 d - a +1 dagger of venom (weapon)
Armour
 a - a +1 robe (worn)
Scrolls
 c - a scroll of enchant armour
 h - a scroll of blinking
 m - 2 scrolls of identify
 o - a scroll of butterflies
Potions
 b - a potion of magic
 e - 3 potions of lignification
 g - 3 potions of haste
 i - a potion of ambrosia {unknown}
 j - a potion of mutation
 k - a potion of brilliance {unknown}
 l - 2 potions of attraction {unknown}
 n - a potion of flight {unknown}
 p - a potion of degeneration {unknown}
 q - a potion of heal wounds {unknown}


   Skills:
 + Level 2.2 Fighting
 + Level 3.5 Dodging
 - Level 2.0 Stealth
 + Level 3.0 Spellcasting
 + Level 3.6 Conjurations
 - Level 4.0 Air Magic


You had 9 spell levels left.
You knew the following spells:

 Your Spells              Type           Power      Damage    Failure   Level
a - Shock                 Conj/Air       52%        1d6       4%          1

Your spell library contained the following spells:

 Spells                   Type           Power      Damage    Failure   Level
 Static Discharge         Conj/Air       13%        3-5/arc   6%          2
 Swiftness                Air            14%        N/A       12%         3
 Necrotise                Necr           8%         1d4       21%         1
 Summon Small Mammal      Summ           8%         N/A       21%         1
 Airstrike                Air            7%         2d(1-17)  36%         4
 Call Canine Familiar     Summ           2%         N/A       52%         3
 Summon Guardian Golem    Hex/Summ       2%         N/A       52%         3
 Vampiric Draining        Necr           2%         2d6       52%         3
 Agony                    Necr           2%         N/A       99%         5


Dungeon Overview and Level Annotations

Branches:
Dungeon (4/15)
 Temple: D:4-7

Altars:


Innate Abilities, Weirdness & Mutations

You have a beak for a mouth.
You have claws for feet.
Your magical nature lets you fly swiftly and evasively.


Message History

You hit the orc but do no damage.
The orc is poisoned.
Your kick misses the orc.
The orc is moderately wounded.
The orc misses you.
You closely miss the orc.
The orc is heavily wounded.
The orc barely misses you.
You hit the orc but do no damage. Your kick misses the orc.
The orc is heavily wounded.
The orc misses you.
You barely miss the orc. Your peck misses the orc.
The orc is heavily wounded.
The orc misses you.
You hit the orc but do no damage.
The orc looks even sicker.
The orc is heavily wounded.
The orc closely misses you.
You hit the orc but do no damage.
The orc looks as sick as possible!
You claw the orc, but do no damage.
The orc is heavily wounded.
You kill the orc!
Things that are here:
a +0 falchion; a +0 chain mail You start resting.
Magic restored.
You start resting.
HP restored.
There is a stone staircase leading down here.
You fly downwards.
The orc barely misses you. The orc misses you. x2
The orc hits you with a +0 war axe!
There is a stone staircase leading up, spattered with blood here.
You completely miss the orc. You claw the orc, but do no damage.
The orc hits you with a +0 hand axe. The orc closely misses you.
You hit the orc but do no damage. Your peck misses the orc.
The orc hits you with a +0 hand axe. The orc hits you but does no damage.
You completely miss the orc. The orc closely misses you. The orc misses you.
As you read the scroll of teleportation, it crumbles to dust.
You feel strangely unstable. The orc hits you with a +0 hand axe.
* * * LOW HITPOINT WARNING * * *
The orc closely misses you. The orc closely misses you.
The orc hits you with a +0 war axe!
You die...

#........ #
#....... #.##
#......
....##....?##
............##
.........)...#
...........o.#
.......(.)@..#
........)o...#
.............#
...)..[......#
............##
....##.....##
#### #######


You could see 2 orcs.

Vanquished Creatures
  An orc priest (D:4)
  7 adders
  7 dart slugs
  5 orcs
  5 bats (D:1)
  5 endoplasms
  A giant cockroach (D:3)
  3 goblins
  4 hobgoblins (D:1)
  5 jackals
  2 quokkas
  3 ball pythons
  2 frilled lizards
  10 kobolds
  3 rats
63 creatures vanquished.

Notes
Turn   | Place    | Note
-------+----------+-------------------------------------------
     0 | D:1      | pilgrim the Tengu Air Elementalist began the quest for the
                  | Orb.
     0 | D:1      | Reached XP level 1. HP: 10/10 MP: 4/4
   159 | D:1      | Found a faded altar of an unknown god.
   192 | D:1      | Reached XP level 2. HP: 16/16 MP: 0/6
   644 | D:1      | Reached skill level 1 in Fighting
   681 | D:1      | Reached XP level 3. HP: 20/20 MP: 3/7
  1873 | D:2      | Reached XP level 4. HP: 25/25 MP: 2/8
  3144 | D:4      | Gained mutation: Your magical nature lets you fly swiftly
                  | and evasively. [Tengu growth]
  3144 | D:4      | Reached XP level 5. HP: 30/30 MP: 6/10
  3686 | D:4      | Slain by an orc

Illustrated notes

Levels and vault maps discovered:
D:1:      lightli_arrival_boilingwater, layout_rooms,
          ebering_ecumenical_altar_sacrificial, grunt_decor_arrowhead
D:2:      layout_basic
D:3:      layout_loops_ring, chequers_avenue,
          nicolae_concentric_dashed_squares_mild
D:4:      minmay_goblin_kobold_castle, layout_rooms

Skill      XL: |  1  2  3  4  5 |
---------------+----------------+-----
Conjurations   | 2 3 |  3.6
Fighting       | 1 2 |  2.2
Dodging        | 3 |  3.5
Spellcasting   | 3 |  3.0
Stealth        | |  2.0
Air Magic      | |  4.0

Action                   |  1- 3 |  4- 6 || total
-------------------------+-------+-------++-------
Melee: Short sword       |    12 |       ||    12
       Kick              |     3 |     9 ||    12
       Dagger            |       |    30 ||    30
       Peck              |       |     4 ||     4
 Cast: Shock             |    78 |    61 ||   139
  Use: Scroll            |     7 |     4 ||    11
Armor: Robe              |     5 |     7 ||    12
Dodge: Dodged            |    16 |    28 ||    44
